 Dungeon Crawl Stone Soup version 0.30-b1-2-g02819fbbbe (webtiles) character file.

Game seed: 1565141672566579377

197 Fartwhistle the Magician (level 6, -1/45 HPs)
             Began as a Djinni Transmuter on May 25, 2023.
             Slain by Grinder (3 damage)
             ... on level 4 of the Dungeon.
             The game lasted 00:09:20 (4137 turns).

Fartwhistle the Magician (Djinni Transmuter)        Turns: 4137, Time: 00:09:21

Health: -1/45      AC:  2    Str:  9    XL:     6   Next: 5%
Gold:   236        EV: 20    Int: 16    God:
                   SH:  0    Dex: 19

rFire   . .          .
                       - Unarmed
rCold   . . .        (shield currently unavailable)
rNeg    . . .        a - melded +0 robe
rPois   ∞            (helmet currently unavailable)
rElec   .            (cloak currently unavailable)
rCorr   .            (gloves currently unavailable)
SInv    .            (boots unavailable)
Will    .....        (no amulet)
Stlth   ++           (no ring)
HPRegen 0.27/turn    (no ring)
MPRegen 0.00/turn

%: infuse magic (-2 HP)
@: spider-form (expiring), flying
A: venomous fangs, flying, sickness immunity, tiny, (fire resistance 2), (cold
vulnerability 1), float, innate caster, HP casting, extra vitality 1
a: End Transformation


You were on level 4 of the Dungeon.
You were a venomous arachnid creature.
You visited 1 branch of the dungeon, and saw 4 of its levels.

You collected 236 gold pieces.

Inventory:

Armour
 a - a +0 robe (melded)
Jewellery
 i - a +5 ring of evasion
 j - a ring of wizardry
 k - an amulet of the acrobat
Scrolls
 b - 2 scrolls of immolation {unknown}
 e - a scroll of identify
 g - a scroll of acquirement {unknown}
 h - 3 scrolls of teleportation
 m - a scroll of amnesia {unknown}
 p - 2 scrolls of vulnerability {unknown}
 q - a scroll of poison {unknown}
Potions
 c - a potion of might {unknown}
 d - a potion of haste
 f - 2 potions of degeneration {unknown}
 l - 2 potions of flight
 n - 2 potions of curing
 o - a potion of invisibility {unknown}
 r - a potion of heal wounds {unknown}


   Skills:
 + Level 2.9 Fighting
 - Level 2.3 Dodging
 - Level 3.1 Unarmed Combat
 + Level 3.7 Spellcasting


You knew the following spells:

 Your Spells              Type           Power      Damage    Failure   Level
a - Beastly Appendage     Tmut           28%        N/A       12%         1
b - Wereblood             Tmut           14%        N/A       17%         2
c - Spider Form           Tmut/Pois      14%        N/A       28%         3
d - Ice Form              Ice/Tmut       14%        N/A       58%         4
e - Summon Small Mammal   Summ           56%        N/A       12%         1
f - Passwall              Tmut/Erth      11%        N/A       17%         2
Your spell library was empty.

Dungeon Overview and Level Annotations

Branches:
Dungeon (4/15)
 Temple: D:4-7

Altars:

Shops:
D:2 [

Annotations:
D:4 Edmund, Grinder


Innate Abilities, Weirdness & Mutations

You are a venomous arachnid creature.
You have venomous fangs.
You are tiny and dextrous.
You are flying.
Your spellcasting is less reliable in this form.
Your armour is entirely melded.
You are incapable of wielding weapons or throwing items.
You are immune to sickness and miasma.
You are immune to poison.
((Your flesh is very heat resistant. (rF++)))
((You are vulnerable to cold. (rC-)))
You float through the air rather than walking.
You learn spells naturally, not from books.
Your magical power is your life essence.
You have superior vitality. (+4 MHP)


Message History

Grinder completely misses you.
You barely miss Grinder.
Grinder is heavily wounded.
Grinder barely misses you.
You barely miss Grinder.
Grinder is heavily wounded.
Grinder hits you.
You writhe in agony.
You hit Grinder.
Grinder is heavily wounded.
A giant cockroach comes into view.
Grinder misses you.
Unknown command.
Unknown command.
You hit Grinder but do no damage.
Grinder looks even sicker.
Grinder is heavily wounded.
Your transformation is almost over.
Grinder barely misses you.
You hit Grinder.
Grinder is severely wounded.
Grinder gestures at you. Pain shoots through your body!
You hit Grinder but do no damage.
Grinder is severely wounded.
Grinder hits you but does no damage.
You hit Grinder.
Grinder is severely wounded.
Grinder hits you.
* * * LOW HITPOINT WARNING * * *
You closely miss Grinder.
Grinder is severely wounded.
The giant cockroach waves its antennae.
Grinder barely misses you.
You closely miss Grinder.
Grinder is severely wounded.
You hit Grinder.
Grinder is severely wounded.
Grinder hits you!
* * * LOW HITPOINT WARNING * * *
You writhe in agony.
You die...

...##.# ...##.# ...
..##..# ... ...#.## ..
...#.#######. ..
...#......... .#
......####### B#
.@....##### ###5####.#
S.........## #.s......#
..5...###..####........#
.....## ##...##........#
.....# ###..........##
.....### #..........#
.......#####.##.........
...........#.##.......##
....##.......#........#
........>.>...........#


You could see Grinder (very poisoned) and a giant cockroach.

Vanquished Creatures
  A howler monkey (D:4)
  A hound (D:4)
  5 adders
  A worm (D:2)
  A dart slug (D:2)
  11 orcs
  6 ball pythons
  4 bats
  4 endoplasms
  2 giant cockroaches (D:1)
  11 goblins
  4 hobgoblins
  2 quokkas (D:4)
  3 frilled lizards
  6 kobolds
  4 rats
66 creatures vanquished.

Notes
Turn   | Place    | Note
-------+----------+-------------------------------------------
     0 | D:1      | Fartwhistle the Djinni Transmuter began the quest for the
                  | Orb.
     0 | D:1      | Fartwhistle set off with the following spells memorised:
                  | Beastly Appendage, Wereblood, Spider Form, Ice Form.
     0 | D:1      | Reached XP level 1. HP: 17/17 MP: 0/0
   158 | D:1      | Reached XP level 2. HP: 20/22 MP: 0/0
  1268 | D:2      | Reached XP level 3. HP: 14/27 MP: 0/0
  1268 | D:2      | Learned a level 1 spell: Summon Small Mammal
  1558 | D:2      | Found Qoem's Antique Armour Boutique.
  1649 | D:2      | Reached XP level 4. HP: 27/32 MP: 0/0
  2359 | D:2      | HP: 1/32 [orc/+0 flail (8)]
  3250 | D:4      | Reached XP level 5. HP: 33/38 MP: 0/0
  3250 | D:4      | Learned a level 2 spell: Passwall
  3345 | D:4      | Identified the +10 plate armour of Indomitability {Will+
                  | Regen+}
  3416 | D:4      | Noticed Grinder
  3419 | D:4      | Reached XP level 6. HP: 34/45 MP: 0/0
  3705 | D:4      | Noticed Edmund
  3713 | D:4      | Paralysed by Grinder for 2 turns
  4109 | D:4      | Paralysed by Grinder for 3 turns
  4137 | D:4      | HP: 2/45 [Grinder (10)]
  4137 | D:4      | Slain by Grinder

Illustrated notes

Levels and vault maps discovered:
D:1:      lemuel_arrival_river_ford, layout_basic, corner_web_ring
D:2:      layout_basic, serial_shops, shop
D:3:      layout_loops_ring, kennysheep_cross_bottleneck
D:4:      layout_rooms, grunt_ministairs_3, uniq_edmund, uniq_grinder

Skill      XL: |  1  2  3  4  5 |
---------------+----------------+-----
Spellcasting   | 2 3 |  3.7
Fighting       | 2 |  2.9
Dodging        | |  2.3
Unarmed Combat | |  3.1

Action                     |  1- 3 |  4- 6 || total
---------------------------+-------+-------++-------
  Melee: Unarmed           |   130 |   182 ||   312
         Headbutt          |     6 |       ||     6
         Punch             |     3 |     5 ||     8
   Cast: Beastly Appendage |     7 |       ||     7
         Wereblood         |     1 |     3 ||     4
         Spider Form       |     3 |    11 ||    14
    Use: Scroll            |       |     5 ||     5
         Potion            |       |     2 ||     2
   Stab: Sleeping          |     1 |       ||     1
 Armour: Robe              |     8 |    13 ||    21
         Skin              |     3 |     4 ||     7
  Dodge: Dodged            |    68 |   128 ||   196
